 Dungeon Crawl Stone Soup version 0.29.1 (webtiles) character file.

Game seed: 3377538600513075349

21959 EvilAshe the Carver (level 13, -3/106 HPs)
             Began as a Human Fighter on Sept 13, 2022.
             Was a High Priest of the Shining One.
             Slain by a caustic shrike zombie (13 damage)
             ... on level 2 of the Abyss.
             The game lasted 00:57:38 (23781 turns).

EvilAshe the Carver (Human Fighter)                Turns: 23781, Time: 00:57:38

Health: -3/106     AC: 21    Str: 27    XL:     13   Next: 23%
Magic:  13/13      EV: 13    Int: 10    God:    the Shining One [*****.]
Gold:   485        SH:  5    Dex: 12    Spells: 12/12 levels left

rFire   . . .      SeeInvis .   I - +4 long sword (protect)
rCold   + . .      Faith    .   c - +0 buckler
rNeg    + + .      Spirit   .   y - +7 Kryia's mail coat {PotionHeal*2 rC+}
rPois   .          Reflect  .   w - +1 helmet
rElec   .          Harm     .   (no cloak)
rCorr   .          Rampage  .   f - +1 pair of gloves
Will    .....                   (no boots)
Stlth   ..........              M - amulet of the acrobat
HPRegen 0.27/turn               L - +6 ring of strength
MPRegen 0.13/turn               P - +4 ring of evasion

@: about to teleport, glowing
A: no striking features
a: Renounce Religion, Divine Shield, Cleansing Flame, Summon Divine Warrior


You were on level 2 of the Abyss.
You worshipped the Shining One.
The Shining One was extremely pleased with you.
You visited 3 branches of the dungeon, and saw 16 of its levels.
You visited the Abyss 1 time.
You also visited: Ossuary and Ice Cave.

You collected 1200 gold pieces.
You spent 715 gold pieces at shops.

Inventory:

Hand Weapons
 e - a +0 falchion of holy wrath
 D - the +4 mace of Conscience {vorpal, MP+9 Str+3 Stlth+}
   (You found it on level 5 of the Dungeon)

   It inflicts extra damage upon your enemies.
   Str:       It affects your strength (+3).
   MP:        It affects your magic capacity (+9).
   Stlth:     It makes you more stealthy.
 I - a +4 long sword of protection (weapon)
Missiles
 g - 51 stones (quivered)
 i - a throwing net
 u - 18 poisoned darts
Armour
 c - a +0 buckler (worn)
 f - a +1 pair of gloves (worn)
 w - a +1 helmet (worn)
 y - the +7 Kryia's mail coat (worn) {PotionHeal*2 rC+}
   (You found it on level 4 of the Dungeon)

   Potions are twice as effective at healing its wearer.
   rC:        It protects you from cold.
Jewellery
 C - a ring of protection from fire
 G - a ring of resist corrosion
 J - a ring of protection from fire
 L - a +6 ring of strength (left hand)
 M - an amulet of the acrobat (around neck)
 P - a +4 ring of evasion (right hand)
 R - a ring of see invisible
 S - a ring of poison resistance
Wands
 a - a wand of iceblast (4)
 z - a wand of digging (6)
Scrolls
 j - 2 scrolls of teleportation
 k - 2 scrolls of poison
 l - a scroll of amnesia
 n - 2 scrolls of fear
 o - 3 scrolls of enchant weapon
 x - 3 scrolls of fog
 A - a scroll of enchant armour
 B - 2 scrolls of vulnerability
 O - 2 scrolls of immolation
 Q - a scroll of identify
Potions
 b - 2 potions of haste
 d - a potion of might
 h - 2 potions of cancellation
 m - 3 potions of invisibility
 p - 3 potions of resistance
 q - 4 potions of brilliance
 r - a potion of magic
 s - 4 potions of curing
 t - 5 potions of attraction
 v - 2 potions of mutation
 F - a potion of flight
 H - 2 potions of heal wounds


   Skills:
 + Level 11.4 Fighting
 - Level 14.0 Long Blades
 - Level 2.4 Maces & Flails
 + Level 11.4 Armour
 - Level 5.0 Shields


You had 12 spell levels left.
You didn't know any spells.
Your spell library contained the following spells:

 Spells                   Type           Power      Damage    Failure   Level
 Apportation              Tloc           0%         N/A       67%         1
 Foxfire                  Conj/Fire      0%         2x1d4     67%         1
 Sandblast                Erth           0%         2d4       67%         1
 Sting                    Tmut/Pois      0%         1d3       67%         1
 Passwall                 Tmut/Erth      0%         N/A       80%         2
 Poisonous Vapours        Pois/Air       0%         N/A       80%         2
 Static Discharge         Conj/Air       0%         3-3/arc   80%         2
 Sublimation of Blood     Necr           0%         N/A       80%         2
 Conjure Flame            Conj/Fire      0%         6-21      95%         3
 Gell's Gravitas          Tloc           0%         N/A       95%         3
 Inner Flame              Hex/Fire       0%         N/A       95%         3
 Portal Projectile        Hex/Tloc       0%         N/A       95%         3
 Stone Arrow              Conj/Erth      0%         3d7       95%         3
 Teleport Other           Tloc           0%         N/A       95%         3
 Tukima's Dance           Hex            0%         N/A       95%         3
 Dispel Undead            Necr           0%         3d6       100%        4
 Flame Wave               Conj/Fire      0%         2d4       100%        4
 Olgreb's Toxic Radiance  Pois           0%         N/A       100%        4
 Petrify                  Tmut/Erth      0%         N/A       100%        4
 Sticky Flame             Conj/Fire      0%         2d3       100%        4
 Alistair's Intoxication  Tmut/Pois      0%         N/A       100%        5
 Blade Hands              Tmut           0%         N/A       100%        5
 Irradiate                Conj/Tmut      0%         3d11      100%        5
 Dispersal                Tloc           0%         N/A       100%        6


Dungeon Overview and Level Annotations

Branches:
Dungeon (13/15)            Temple (1/1) D:4            Lair (2/5) D:11
    Orc (0/2) D:10        Ossuary (visited)           IceCv (visited)
  Swamp: Lair:2-3    Shoals: Lair:2-3     Snake: Lair:2-3    Spider: Lair:2-3
 Vaults: D:13-14

Altars:
Ashenzari
Cheibriados
Dithmenos
Elyvilon
Fedhas
Gozag
Hepliaklqana
Kikubaaqudgha
Makhleb
Nemelex Xobeh
Okawaru
Qazlal
Ru
Sif Muna
Trog
Uskayaw
Vehumet
Wu Jian
Xom
Yredelemnul
Zin
The Shining One

Shops:
D:5 *   D:6 !   D:10 =   D:11 =

Annotations:
D:13 Sonja


Message History

As you read the scroll of teleportation, it crumbles to dust.
You feel strangely unstable.
You feel the power of the Abyss delaying your translocation!
The caustic shrike zombie closely misses you.
The caustic shrike zombie barely misses you.
The caustic shrike zombie claws you.
The caustic shrike zombie claws you but does no damage.
The caustic shrike zombie completely misses you.
You block the caustic shrike zombie's attack.
The caustic shrike zombie misses you.
The caustic shrike zombie attacks as you move away!
The caustic shrike zombie completely misses you.
The caustic shrike zombie claws you!
* * * LOW HITPOINT WARNING * * *
A tentacled starspawn comes into view.
The caustic shrike zombie completely misses you.
You block the caustic shrike zombie's attack.
The caustic shrike zombie claws you.
* * * LOW HITPOINT WARNING * * *
The caustic shrike zombie attacks as you move away!
The caustic shrike zombie completely misses you.
Tentacles burst from the starspawn's body! 2 starspawn tentacles come into view.
The caustic shrike zombie attacks as you move away!
The caustic shrike zombie completely misses you.
The caustic shrike zombie closely misses you.
The starspawn tentacle barely misses you.
A flayed ghost comes into view.
The caustic shrike zombie claws you!
* * * LOW HITPOINT WARNING * * *
The starspawn tentacle grabs you. The starspawn tentacle constricts you.
The starspawn tentacle's grasp on you weakens, but your attempt to escape fails.
The caustic shrike zombie claws you but does no damage.
The caustic shrike zombie claws you.
* * * LOW HITPOINT WARNING * * *
The starspawn tentacle constricts you.
You escape the starspawn tentacle's grasp.
The caustic shrike zombie attacks as you move away!
The caustic shrike zombie claws you!
You die...

~~ ~~ # #.
§..###.##
.#...#.# ......#
.....# ##.w..#
#.@.│.# ..
#ZXw│.## .
###.uV§..###
...#........W..
#..§....#......
................
.........###....
. ......#.....#
#...
.##....##.....
#..


You could see a green very ugly thing, a tentacled starspawn, a flayed ghost, 2
starspawn tentacles and a caustic shrike zombie.

Vanquished Creatures
  A revenant (Abyss:2)
  A two-headed ogre (D:11)
  2 boulder beetles (D:12)
  A death knight (D:12)
  Pikel (D:8)
  A cyclops (D:11)
  A deep elf pyromancer (D:13)
  An ugly thing (D:11)
  2 manticores
  A cane toad (Lair:1)
  An unseen horror (D:12)
  A kobold demonologist (D:10)
  4 komodo dragons
  A rime drake (Lair:2)
  A troll (D:11)
  2 polar bears (IceCv)
  A harpy skeleton (Abyss:2)
  11 slime creatures
  2 shadows
  2 wyverns
  3 vampires
  A wraith (D:11)
  25 yaks
  Eustachio (D:5)
  A redback (Lair:2)
  A steam dragon (D:10)
  6 vampire mosquitoes
  A large abomination (Abyss:2)
  A small abomination (Abyss:2)
  An acid dragon (D:9)
  6 water moccasins
  An ice beast (D:6)
  2 sky beasts (D:6)
  3 ogres
  3 orc warriors
  A wolf (IceCv)
  2 centaurs (D:12)
  A kobold brigand (D:7)
  An elf zombie (Ossuary)
  8 bullfrogs
  A gnoll sergeant (D:8)
  9 scorpions
  4 wights (D:8)
  16 killer bees
  5 howler monkeys (D:7)
  A crimson imp (D:12)
  A human zombie (Ossuary)
  2 centaur zombies (Ossuary)
  8 orc priests
  5 hounds
  6 jellies
  2 gnoll boudas
  2 iguanas
  5 orc wizards
  Robin (D:3)
  2 mummies (Ossuary)
  13 gnolls
  2 adders
  3 white imps
  An ufetubus (D:5)
  A worm (D:3)
  4 dart slugs
  27 orcs
  4 bats
  2 endoplasms
  17 goblins
  4 hobgoblins
  3 jackals (D:4)
  2 quokkas
  5 ball pythons
  2 frilled lizards
  A gnoll zombie (Ossuary)
  4 hobgoblin zombies (Ossuary)
  14 kobolds
  5 orc zombies (Ossuary)
  2 rats
293 creatures vanquished.

Vanquished Creatures (collateral kills)
  2 yaks (IceCv)
2 creatures vanquished.

Vanquished Creatures (others)
  2 yaks
  2 black bears (D:6)
  A kobold brigand (D:6)
  A scorpion (D:6)
  A jelly (D:6)
  A quasit (Abyss:2)
  An iguana (D:6)
  3 adders (D:6)
  3 orcs (D:6)
  4 kobolds (D:6)
  9 fungi (D:11)
  29 plants
57 creatures vanquished.

Grand Total: 352 creatures vanquished

Notes
Turn   | Place    | Note
-------+----------+-------------------------------------------
     0 | D:1      | EvilAshe the Human Fighter began the quest for the Orb.
     0 | D:1      | Reached XP level 1. HP: 18/18 MP: 1/1
   263 | D:1      | Reached XP level 2. HP: 9/24 MP: 2/2
   704 | D:1      | Found a faded altar of an unknown god.
  1686 | D:2      | Reached skill level 3 in Long Blades
  1686 | D:2      | Reached XP level 3. HP: 29/29 MP: 3/3
  2160 | D:3      | Noticed Robin
  2648 | D:3      | Killed Robin
  2649 | D:3      | Reached XP level 4. HP: 26/35 MP: 4/4
  3353 | D:3      | Reached skill level 4 in Long Blades
  3353 | D:3      | Reached XP level 5. HP: 37/41 MP: 5/5
  3439 | D:4      | Found the +7 Kryia's mail coat {PotionHeal*2 rC+}
  4167 | D:4      | Reached XP level 6. HP: 47/47 MP: 6/6
  4183 | D:4      | Reached skill level 5 in Long Blades
  4313 | D:4      | Identified the +3 hand axe "Reusiffu" {flame, Fragile Int+3
                  | Dex+4}
  4564 | D:4      | Noticed an ogre
  4777 | D:5      | Entered Level 5 of the Dungeon
  4825 | D:5      | Reached XP level 7. HP: 45/52 MP: 7/7
  4862 | D:4      | Found a staircase to the Ecumenical Temple.
  4880 | Temple   | Entered the Ecumenical Temple
  4890 | Temple   | Became a worshipper of the Shining One
  4927 | D:5      | Identified the +4 mace of Conscience {vorpal, MP+9 Str+3
                  | Stlth+}
  5422 | D:4      | Reached skill level 6 in Long Blades
  5422 | D:4      | Reached skill level 1 in Maces & Flails
  5422 | D:4      | Reached skill level 5 in Shields
  5591 | D:5      | Found an ornate altar of the Wu Jian Council.
  5799 | D:5      | Found Ywosaqiv's General Store.
  5870 | D:5      | Found a hazy altar of Hepliaklqana.
  5912 | D:5      | Noticed Eustachio
  5964 | D:5      | Killed Eustachio
  5965 | D:5      | Reached skill level 7 in Long Blades
  5965 | D:5      | Reached XP level 8. HP: 51/58 MP: 8/8
  6181 | D:6      | Found an ancient bone altar of Kikubaaqudgha.
  6365 | D:6      | Found Nizam's Distillery.
  6370 | D:6      | Bought a potion of haste for 130 gold pieces
  6370 | D:6      | Bought a potion of haste for 130 gold pieces
  6580 | D:6      | Reached skill level 8 in Long Blades
  6938 | D:7      | Found a sand-covered staircase.
  6945 | Ossuary  | Entered an ossuary
  7001 | Ossuary  | Reached * piety under the Shining One
  7015 | Ossuary  | Reached XP level 9. HP: 62/65 MP: 9/9
  7117 | Ossuary  | Reached ** piety under the Shining One
  7624 | D:6      | Reached skill level 9 in Long Blades
  7875 | D:6      | Reached skill level 5 in Fighting
  7875 | D:6      | Reached skill level 5 in Armour
  8292 | D:6      | Found a shimmering altar of Xom.
  8523 | D:7      | Found a stormy altar of Qazlal.
  8582 | D:7      | Found a hide-covered altar of Uskayaw.
 10392 | D:7      | Reached skill level 10 in Long Blades
 10395 | D:7      | Reached XP level 10. HP: 49/76 MP: 10/10
 10432 | D:7      | Reached *** piety under the Shining One
 10738 | D:8      | Found a burning altar of Makhleb.
 10932 | D:8      | Found a sparkling altar of Nemelex Xobeh.
 11745 | D:8      | Found a shadowy altar of Dithmenos.
 11833 | D:9      | Noticed Pikel
 11853 | D:8      | Killed Pikel
 11854 | D:8      | Reached skill level 11 in Long Blades
 12250 | D:10     | Entered Level 10 of the Dungeon
 12404 | D:10     | Found a staircase to the Orcish Mines.
 13540 | D:9      | Reached XP level 11. HP: 75/84 MP: 11/11
 14283 | D:9      | Noticed a two-headed ogre
 14369 | D:10     | Found Xetay's Jewellery Shop.
 14389 | D:10     | Reached skill level 12 in Long Blades
 14462 | D:11     | Found a frozen archway.
 14622 | IceCv    | Entered an ice cave
 14802 | IceCv    | Found the +4 skin of Zhor {*Englaciate rC+++ SInv}
 15259 | D:10     | Found a snail-covered altar of Cheibriados.
 15486 | D:11     | Reached **** piety under the Shining One
 15672 | D:10     | Found a faded altar of an unknown god.
 15672 | D:10     | Found a faded altar of an unknown god.
 15680 | D:10     | Found a broken altar of Ashenzari.
 15682 | D:10     | Found a white marble altar of Elyvilon.
 15684 | D:10     | Found a basalt altar of Yredelemnul.
 15821 | D:11     | Noticed a two-headed ogre
 16005 | D:11     | Noticed a manticore
 16006 | D:11     | Noticed a cyclops
 16053 | D:10     | Killed a manticore
 16286 | D:11     | Killed a cyclops
 16287 | D:11     | Reached skill level 13 in Long Blades
 16382 | D:11     | Noticed a green ugly thing
 16412 | D:11     | Found a staircase to the Lair.
 16757 | D:11     | Found Teomaus's Jewellery Shoppe.
 16760 | D:11     | Bought a ring of see invisible for 195 gold pieces
 16760 | D:11     | Bought a ring of poison resistance for 260 gold pieces
 17117 | D:11     | Killed a two-headed ogre
 17337 | D:12     | Noticed a boulder beetle
 17380 | D:11     | Reached XP level 12. HP: 39/94 MP: 12/12
 19046 | D:12     | Noticed a boulder beetle
 19187 | D:12     | Killed a boulder beetle
 19188 | D:12     | Reached skill level 14 in Long Blades
 20632 | D:12     | Killed a boulder beetle
 20633 | D:12     | Reached skill level 10 in Fighting
 20786 | D:13     | Reached skill level 10 in Armour
 21001 | D:13     | Noticed a skeletal warrior
 21092 | D:13     | Noticed a death knight
 21300 | D:13     | Reached ***** piety under the Shining One
 21455 | D:13     | Noticed a seven-headed hydra
 21517 | Lair:1   | Entered Level 1 of the Lair of Beasts
 21612 | Lair:1   | Found a shadowy altar of Dithmenos.
 21925 | Lair:1   | Noticed an eight-headed hydra
 21984 | Lair:2   | Identified the +5 quarterstaff "Leohen" {flame, Drain
                  | Dex+5}
 22109 | Lair:2   | Reached XP level 13. HP: 103/104 MP: 13/13
 22229 | Lair:1   | Noticed a seven-headed hydra
 23078 | D:13     | Noticed Sonja
 23085 | Abyss:1  | Cast into level 1 of the Abyss (Sonja)
 23099 | Abyss:1  | Noticed a revenant
 23099 | Abyss:1  | Noticed a rakshasa
 23185 | Abyss:2  | Noticed a spectral caustic shrike
 23194 | Abyss:2  | Killed a revenant
 23644 | Abyss:2  | Noticed a starcursed mass
 23758 | Abyss:2  | Noticed a green very ugly thing
 23774 | Abyss:2  | Noticed a tentacled starspawn
 23781 | Abyss:2  | Slain by a caustic shrike zombie

Illustrated notes

Levels and vault maps discovered:
D:1:      dpeg_arrival_shrine, layout_loops_cross,
          ebering_ecumenical_altar_ruins
D:2:      layout_basic
D:3:      layout_basic, grunt_ministairs_9, serial_park_tiny_2, uniq_robin
D:4:      layout_basic, temple_doors_ab
D:5:      layout_rooms, general_overflow_altar,
          worldfamousw_hep_ancestral_shrine, serial_shops, shop,
          serial_park_tiny_1, serial_bayou_lagoon_b, uniq_eustachio
D:6:      layout_loops_corners, xom_confusion_cloud, lemuel_crystal_altar,
          serial_shops, nicolae_shop_hallway_plus, kennysheep_generic_room_14
D:7:      layout_gridville, nicolae_uskayaw_dance_hall,
          overflow_temple_1_default, nicolae_ossuary_entry_monument
D:8:      layout_loops_ring, nicolae_dithmenos_through_a_glass_darkly,
          old_standard_altar, makhleb_blood_cavern_becter, abandoned_shop
D:9:      layout_loops_cross, serial_bayou_pond_c, minmay_misc_feat_chi,
          hangedman_abyss_or_decor_passed, uniq_pikel
D:10:     layout_rooms, lemuel_tele_altar, chequers_temple_overflow_minitemple,
          orc_0_dummy, serial_shops, shop, hangedman_abyss_or_decor_clamps
D:11:     layout_basic, grunt_lair_entry_orc_guard_hut,
          portal_ice_cave_entry_pillars_1, serial_shops,
          nicolae_shop_behind_doors
D:12:     layout_grid_maze, dreamdust_princess_bridge, minmay_fire_ice_demons
D:13:     layout_basic, uniq_sonja
Temple:   hellmonk_temple_rainy
Lair:1:   layout_chaotic_city, enter_volcano_2, basic_altar, grunt_megastairs_1,
          lemuel_fruit_tree
Lair:2:   layout_small_grid, shoals_dummy_entry,
          nicolae_spider_entry_tight_spaces, grunt_megastairs_4
Abyss:2:  base:
Lair:2

Skill      XL: |  1  2  3  4  5  6  7  8  9 10 11 12 13 |
---------------+----------------------------------------+-----
Long Blades    | 3 4 5 7 8 10 11 13 14 | 14.0
Shields        | 4 5 |  5.0
Maces & Flails | 2 |  2.4
Fighting       | 4 5 7 8 10 11 | 11.4
Armour         | 4 5 7 8 10 11 | 11.4

Action                   |  1- 3 |  4- 6 |  7- 9 | 10-12 | 13-15 || total
-------------------------+-------+-------+-------+-------+-------++-------
Melee: Long sword        |   113 |   173 |     2 |   135 |   119 ||   542
       Mace              |       |       |    70 |       |       ||    70
       Falchion          |       |       |   431 |  1167 |       ||  1598
Throw: Dart              |     4 |       |    17 |    17 |     2 ||    40
       Stone             |     6 |       |     7 |    23 |     6 ||    42
Invok: Divine Shield     |       |       |       |     1 |       ||     1
Evoke: Wand              |       |       |       |    15 |     1 ||    16
  Use: Scroll            |       |     7 |     8 |    18 |     3 ||    36
       Potion            |       |       |     2 |     7 |     3 ||    12
Armor: Scale mail        |    58 |   105 |   256 |   515 |    92 ||  1026
Dodge: Dodged            |    48 |    95 |   204 |   557 |   166 ||  1070
Block: Buckler           |    29 |    48 |   115 |   234 |    35 ||   461
